AoeStats
← | ArCas | Toruk Makto

Arena

507834346Analyzed
4v4 RM · 12d ago on Sep 19, 2026· 43m 54s· 8 players
Game mode
Random Map
Map size
Large (8 player)
Population
200
Speed
Normal
Resources
Standard
Victory
Conquest
Starting age
Dark Age
Ending age
Imperial Age
RankedLock teamsTeams togetherTeam positionsShared explorationLock speedFull tech treeHidden civsTurbo modeCheats
Victory
Defeat
🇧🇷 Bengalis · Brazil
1429
+13
🇩🇪 Portuguese · Germany
1412
+13
🇹🇷 Huns · Türkiye
1350
+16
🇧🇷 Berbers · Brazil
1269
+19
🇺🇸 Persians · United States
1454
-20
🇭🇺 Celts · Hungary
1353
-15
🇪🇸 Teutons · Spain
1299
-13
🇦🇷 Malay · Argentina
1291
-13
Sain
10:21 Feudal Age
11:57 Double-Bit Axe
14:36 Castle Age
12:43 Horse Collar
15:25 Bow Saw
15:36 Heavy Plow
22:59 Loom
31:55 Imperial Age
34:16 Chemistry
[H] Sir Benedict
10:42 Feudal Age
14:30 Castle Age
12:29 Horse Collar
13:02 Double-Bit Axe
15:50 Bow Saw
18:24 Loom
22:47 Fletching
25:42 Wheelbarrow
31:20 Imperial Age
30:31 Pikeman
31:12 Scale Mail Armor
32:21 Forging
35:04 Chain Mail Armor
37:56 Plate Mail Armor
38:23 Halberdier
38:34 Capped Ram
40:37 Iron Casting
41:55 Siege Ram
45:07 Blast Furnace
Chompskee
10:31 Feudal Age
15:11 Castle Age
13:31 Double-Bit Axe
13:48 Horse Collar
16:46 Bow Saw
18:37 Stone Mining
23:46 Loom
27:06 Wheelbarrow
27:45 Squires
28:38 Hand Cart
31:38 Imperial Age
30:47 Scale Mail Armor
31:52 Ironclad
31:51 Chain Mail Armor
31:47 Forging
31:30 Gold Mining
32:17 Stone Shaft Mining
32:47 Conscription
32:27 Onager
33:56 Plate Mail Armor
34:21 Iron Casting
33:09 Pikeman
33:38 Gambesons
35:10 Elite Teutonic Knight
35:16 Halberdier
41:04 Blast Furnace
| ArCas | Toruk Makto
12:17 Feudal Age
15:33 Castle Age
13:30 Double-Bit Axe
13:33 Horse Collar
14:28 Loom
26:27 Forging
26:04 Arson
26:19 Squires
29:46 Iron Casting
29:06 Town Watch
29:58 Fletching
33:58 Wheelbarrow
35:02 Bodkin Arrow
35:20 Padded Archer Armor
38:48 Imperial Age
35:48 Crossbowman
35:58 Elite Skirmisher
37:27 Leather Archer Armor
38:29 Bracer
39:07 Conscription
39:25 Gold Mining
39:09 Pikeman
41:32 Ballistics
Sultan Mehmet
10:51 Feudal Age
15:06 Castle Age
13:23 Double-Bit Axe
13:47 Horse Collar
14:32 Stone Mining
14:55 Gold Mining
15:33 Loom
16:11 Bow Saw
29:35 Imperial Age
30:51 Fletching
32:33 Chemistry
32:14 Bodkin Arrow
33:00 Bracer
33:20 Padded Archer Armor
36:54 Leather Archer Armor
38:33 Heavy Plow
41:11 Two-Man Saw
40:42 Conscription
42:01 Ring Archer Armor
42:30 Wheelbarrow
44:18 Crop Rotation
Hakka1_90
10:13 Feudal Age
10:19 Loom
15:02 Castle Age
13:13 Double-Bit Axe
13:47 Horse Collar
18:02 Fletching
21:12 Bodkin Arrow
22:41 Padded Archer Armor
28:06 Scale Mail Armor
37:29 Wheelbarrow
39:42 Gold Mining
40:06 Bow Saw
45:28 Imperial Age
Rōnin
10:31 Feudal Age
12:47 Loom
13:42 Loom
16:53 Castle Age
15:16 Double-Bit Axe
16:15 Horse Collar
16:30 Gold Mining
17:52 Fletching
18:16 Bow Saw
19:14 Bodkin Arrow
19:35 Town Watch
21:16 Heavy Plow
21:31 Padded Archer Armor
25:51 Ballistics
26:32 Bloodlines
30:53 Imperial Age
29:07 Husbandry
30:11 Gold Shaft Mining
30:28 Leather Archer Armor
31:18 Wheelbarrow
31:17 Scale Barding Armor
32:17 Conscription
32:02 Bracer
33:06 Chemistry
34:37 Ring Archer Armor
33:31 Light Cavalry
35:21 Chain Barding Armor
35:12 Forging
36:06 Hand Cart
35:58 Hussar
39:12 Masonry
41:22 Plate Barding Armor
40:51 Elite Camel Archer
41:49 Siege Engineers
44:10 Iron Casting
wifi
10:21 Feudal Age
14:17 Castle Age
12:41 Double-Bit Axe
14:46 Horse Collar
16:29 Bow Saw
25:00 Wheelbarrow
24:25 Gold Mining
26:02 Hand Cart
29:08 Imperial Age
26:24 Loom
26:58 Scale Barding Armor
27:04 Forging
27:44 Gold Shaft Mining
27:59 Chain Barding Armor
27:52 Bloodlines
27:43 Husbandry
27:56 Town Watch
29:25 Iron Casting
29:17 Cavalier
30:33 Plate Barding Armor
31:28 Blast Furnace
30:34 Paladin
32:44 Two-Man Saw
31:48 Heavy Plow
32:50 Two-Man Saw
36:58 Stone Mining
Connection lost

Rejoining the realm…

Still unreachable

The connection could not be restored.

Session expired

The server has moved on; the page needs a fresh start.